BOSTON vs DETROIT

Created - April-03-21 at 11:34

Goals
1 2 3 T
BOSTON 1 0 1 2
DETROIT 0 0 1 1
Shots
1 2 3 T
BOSTON 14 9 9 32
DETROIT 7 11 4 22

1st period

1. BOSTON , Miro Heiskanen 12 (Andrew Mangiapane 4, Ivan Provorov 22) at 16:59

Penalties :
Philippe Myers (BOS) for Hooking (Minor) at 6:37, Zemgus Girgensons (DET) for Interference (Minor) at 11:50, Ian Cole (DET) for Hooking (Minor) at 18:34

2nd period

No Goal

Penalties :
Ivan Provorov (BOS) for Tripping (Minor) at 18:20

3rd period

2. DETROIT , Taylor Hall 11 (Chandler Stephenson 7, Robert Bortuzzo 3) at 4:32
3. BOSTON , Ilya Kovalchuk 12 (Ivan Barbashev 19, Alec Martinez 18) at 13:02

Penalties :
Andrej Sekera (DET) for High sticking (Minor) at 7:31, Valeri Nichushkin (DET) for Roughing (Minor) at 17:52

Goalie Stats

Thatcher Demko (BOS), 21 saves from 22 shots - (0.955), W, 11-7-2, 60:00 minutes
John Gibson (DET), 30 saves from 32 shots - (0.938), L, 22-21-3, 60:00 minutes

Players Stats for BOSTON

Player Name              G  A  P  +/- PIM S  H  SB GA TA FO     MP     PP MP  PK MP  
------------------------------------------------------------------------------------
Alec Martinez            0  1  1   1  0   1  0  1  0  0  0/0    21:11   3:19   1:45 
Aleksi Saarela           0  0  0   0  0   0  0  0  0  0  0/0     0:33   0:33   0:00 
Alexandre Texier         0  0  0   0  0   0  0  0  0  0  1/3     4:22   0:00   0:00 
Andrew Mangiapane        0  1  1   1  0   1  0  0  0  0  0/1    15:55   0:00   0:27 
Blake Comeau             0  0  0   0  0   1  2  0  0  0  0/1    18:53   3:37   0:00 
Casey Mittelstadt        0  0  0   1  0   2  1  0  0  0  2/12   15:20   0:00   0:00 
Filip Hronek             0  0  0   1  0   0  0  1  0  0  0/0    21:11   3:19   1:45 
Ilya Kovalchuk           1  0  1   0  0   2  1  0  0  0  1/1    20:52   4:10   1:26 
Ivan Barbashev           0  1  1   0  0   4  2  0  0  0  8/26   18:53   3:37   0:00 
Ivan Provorov            0  1  1   0  2   2  2  2  0  0  0/0    24:40   4:37   1:18 
Juuso Valimaki           0  0  0   0  0   0  0  2  0  0  0/0    14:08   0:00   0:55 
Kevin Fiala              0  0  0   0  0   5  3  0  0  0  1/2    18:20   3:46   1:26 
Miles Wood               0  0  0   1  0   1  2  0  0  0  0/3    15:20   0:00   0:00 
Miro Heiskanen           1  0  1   0  0   1  0  2  0  0  0/0    25:36   4:37   2:13 
Nicolas Roy              0  0  0   0  0   0  0  0  0  0  0/0     1:28   0:33   0:00 
Philippe Myers           0  0  0   0  2   1  1  1  0  0  0/0    13:12   0:00   0:00 
Reilly Smith             0  0  0   0  0   6  4  0  0  0  4/8    22:18   3:46   2:05 
Victor Olofsson          0  0  0   0  0   1  1  0  0  0  0/0     4:49   0:00   0:27 
William Nylander         0  0  0   0  0   4  1  0  0  0  12/20  18:59   3:46   2:05 

Players Stats for DETROIT

Player Name              G  A  P  +/- PIM S  H  SB GA TA FO     MP     PP MP  PK MP  
------------------------------------------------------------------------------------
Aaron Ekblad             0  0  0  -1  0   2  3  0  0  0  0/0    22:33   2:12   3:50 
Alexander Wennberg       0  0  0  -1  0   0  0  0  0  0  8/9    15:04   0:00   0:00 
Andrej Sekera            0  0  0   0  2   1  1  0  0  0  0/0    13:45   0:00   1:03 
Brendan Smith            0  0  0   1  0   1  1  0  0  0  0/0     5:12   0:00   0:00 
Calle Jarnkrok           0  0  0   0  0   5  1  0  0  0  0/0    17:57   2:12   2:51 
Chandler Stephenson      0  1  1   1  0   0  0  0  0  0  9/10    6:09   0:00   0:16 
Christian Dvorak         0  0  0   0  0   1  1  1  0  0  10/18  17:54   2:12   2:40 
Colton Sceviour          0  0  0  -1  0   2  1  0  0  0  0/0    14:56   0:00   0:00 
Ian Cole                 0  0  0  -1  2   0  1  1  0  0  0/0    18:27   1:46   3:02 
Justin Abdelkader        0  0  0  -1  0   1  1  0  0  0  0/2    16:23   0:00   1:27 
Max Domi                 0  0  0  -1  0   2  2  0  0  0  0/1    21:00   1:46   4:56 
Oscar Klefbom            0  0  0  -1  0   0  1  2  0  0  0/0    19:32   1:46   4:06 
Patrik Nemeth            0  0  0   0  0   0  1  1  0  0  0/0    12:43   0:00   0:00 
Robert Bortuzzo          0  1  1   1  0   0  0  0  0  0  0/0     5:13   0:00   0:01 
Scott Laughton           0  0  0  -1  0   1  0  0  0  0  15/25  16:04   1:46   0:00 
Taylor Hall              1  0  1   1  0   4  3  0  0  0  6/12   24:43   2:12   3:42 
Tyler Myers              0  0  0  -1  0   0  2  2  0  0  0/0    22:33   2:12   3:50 
Valeri Nichushkin        0  0  0   1  2   0  1  0  0  0  0/0     5:49   0:00   0:00 
Zemgus Girgensons        0  0  0  -1  2   2  1  0  0  0  0/0    16:03   1:46   0:00 

3 Stars

1 - Taylor Hall (DET)
2 - Ilya Kovalchuk (BOS)
3 - Miro Heiskanen (BOS)

Power Play

BOSTON - 0 on 4 Attempt(s) - 0.00%
DETROIT - 0 on 2 Attempt(s) - 0.00%

Penalty Kill

BOSTON - 2 on 2 Attempt(s) - 100.00% - Score 0 goal in Penalty Kill
DETROIT - 4 on 4 Attempt(s) - 100.00% - Score 0 goal in Penalty Kill

Team Stat

BOSTON - Hits : 20 - Faceoff Wins : 29 - Blocked Shots : 9 - Penalty Minutes : 4
DETROIT - Hits : 21 - Faceoff Wins : 48 - Blocked Shots : 7 - Penalty Minutes : 8

Official

Referees : Corey Syvret and Furman South
Linesman : Alex McNeil and Michael Healy

Game Notes

No Game Note

Finance

Level 1 -- Attendance: 4347 (72.45%) -- Ticket Income $478,170
Level 2 -- Attendance: 3998 (79.96%) -- Ticket Income $239,880
Level 3 -- Attendance: 1320 (66.00%) -- Ticket Income $52,800
Level 4 -- Attendance: 2578 (64.45%) -- Ticket Income $64,450
Luxury Box -- Attendance: 860 (86.00%) -- Ticket Income $154,800
Game was played at the Little Caesars Arena.
Total Attendance: 13103 (72.79%)
Total Ticket Income: $990,100
Total Income: $990,100

BOSTON

5 vs 5 Forward 
   Center                   Left Wing                Right Wing               Time % Phy DF OF 
 1 William Nylander         Reilly Smith             Kevin Fiala              35     1   2  2  
 2 Ivan Barbashev           Ilya Kovalchuk           Blake Comeau             30     1   2  2  
 3 Casey Mittelstadt        Andrew Mangiapane        Miles Wood               25     1   2  2  
 4 Alexandre Texier         Victor Olofsson          Reilly Smith             10     1   2  2  

5 vs 5 Defense 
   Defense                  Defense                                           Time % Phy DF OF 
 1 Ivan Provorov            Miro Heiskanen                                    35     1   2  2  
 2 Alec Martinez            Filip Hronek                                      30     1   2  2  
 3 Philippe Myers           Juuso Valimaki                                    25     1   2  2  
 4 Ivan Provorov            Miro Heiskanen                                    10     1   2  2  

PowerPlay Forward 
   Center                   Left Wing                Right Wing               Time % Phy DF OF 
 1 William Nylander         Reilly Smith             Kevin Fiala              60     1   2  2  
 2 Ivan Barbashev           Ilya Kovalchuk           Blake Comeau             40     1   2  2  

PowerPlay Defense
   Defense                  Defense                                           Time % Phy DF OF 
 1 Ivan Provorov            Miro Heiskanen                                    60     1   2  2  
 2 Alec Martinez            Filip Hronek                                      40     1   2  2  

Penalty Kill 4 Players Forward 
   Center                   Wing                     Time % Phy DF OF 
 1 Reilly Smith             William Nylander         60     1   2  2  
 2 Kevin Fiala              Ilya Kovalchuk           40     1   2  2  

Penalty Kill 4 Players Defense
   Defense                  Defense                  Time % Phy DF OF 
 1 Ivan Provorov            Miro Heiskanen           60     1   2  2  
 2 Alec Martinez            Filip Hronek             40     1   2  2  

Penalty Kill - 3 Players Forward 
   Forward                                           Time % Phy DF OF 
 1 Reilly Smith                                      60     1   2  2  
 2 William Nylander                                  40     1   2  2  

Penalty Kill - 3 Players Defense
   Defense                  Defense                  Time % Phy DF OF 
 1 Ivan Provorov            Miro Heiskanen           60     1   2  2  
 2 Alec Martinez            Filip Hronek             40     1   2  2  

4 vs 4 Forward 
   Center                   Wing                     Time % Phy DF OF 
 1 Reilly Smith             William Nylander         60     1   2  2  
 2 Kevin Fiala              Ilya Kovalchuk           40     1   2  2  

4 vs 4 Defense
   Defense                  Defense                  Time % Phy DF OF 
 1 Ivan Provorov            Miro Heiskanen           60     1   2  2  
 2 Alec Martinez            Filip Hronek             40     1   2  2  

Last Minutes Offensive
   Center                   Left Wing                Right Wing               Defense                  Defense                  
   William Nylander         Reilly Smith             Kevin Fiala              Ivan Provorov            Miro Heiskanen           

Last Minutes Defensive
   Center                   Left Wing                Right Wing               Defense                  Defense                  
   William Nylander         Reilly Smith             Kevin Fiala              Ivan Provorov            Miro Heiskanen           

Goaltenders
Starting : Thatcher Demko           
Backup : Martin Jones             

Extra Forwards
Normal : Nicolas Roy, Aleksi Saarela, Andrew Mangiapane - PP : Nicolas Roy, Aleksi Saarela - PK : Andrew Mangiapane
Extra Defensemen
Normal : Philippe Myers, Juuso Valimaki, Alec Martinez - PP : Philippe Myers - PK : Juuso Valimaki, Alec Martinez
Penalty Shots
Reilly Smith, William Nylander, Kevin Fiala, Ilya Kovalchuk, Blake Comeau

Scratches
Filip Zadina (Healthy), BOS Cap Hit (Suspend), Robert Hagg (Healthy), Charlie Lindgren (Healthy)

DETROIT

5 vs 5 Forward 
   Center                   Left Wing                Right Wing               Time % Phy DF OF 
 1 Christian Dvorak         Taylor Hall              Calle Jarnkrok           35     1   2  2  
 2 Scott Laughton           Max Domi                 Zemgus Girgensons        30     1   2  2  
 3 Alexander Wennberg       Colton Sceviour          Justin Abdelkader        25     1   2  2  
 4 Chandler Stephenson      Taylor Hall              Valeri Nichushkin        10     1   2  2  

5 vs 5 Defense 
   Defense                  Defense                                           Time % Phy DF OF 
 1 Aaron Ekblad             Tyler Myers                                       35     1   2  2  
 2 Oscar Klefbom            Ian Cole                                          30     1   2  2  
 3 Patrik Nemeth            Andrej Sekera                                     25     1   2  2  
 4 Robert Bortuzzo          Brendan Smith                                     10     1   2  2  

PowerPlay Forward 
   Center                   Left Wing                Right Wing               Time % Phy DF OF 
 1 Christian Dvorak         Taylor Hall              Calle Jarnkrok           60     1   2  2  
 2 Scott Laughton           Max Domi                 Zemgus Girgensons        40     1   2  2  

PowerPlay Defense
   Defense                  Defense                                           Time % Phy DF OF 
 1 Aaron Ekblad             Tyler Myers                                       60     1   2  2  
 2 Oscar Klefbom            Ian Cole                                          40     1   2  2  

Penalty Kill 4 Players Forward 
   Center                   Wing                     Time % Phy DF OF 
 1 Taylor Hall              Max Domi                 60     1   2  2  
 2 Christian Dvorak         Calle Jarnkrok           40     1   2  2  

Penalty Kill 4 Players Defense
   Defense                  Defense                  Time % Phy DF OF 
 1 Aaron Ekblad             Tyler Myers              60     1   2  2  
 2 Oscar Klefbom            Ian Cole                 40     1   2  2  

Penalty Kill - 3 Players Forward 
   Forward                                           Time % Phy DF OF 
 1 Taylor Hall                                       60     1   2  2  
 2 Max Domi                                          40     1   2  2  

Penalty Kill - 3 Players Defense
   Defense                  Defense                  Time % Phy DF OF 
 1 Aaron Ekblad             Tyler Myers              60     1   2  2  
 2 Oscar Klefbom            Ian Cole                 40     1   2  2  

4 vs 4 Forward 
   Center                   Wing                     Time % Phy DF OF 
 1 Taylor Hall              Max Domi                 60     1   2  2  
 2 Christian Dvorak         Calle Jarnkrok           40     1   2  2  

4 vs 4 Defense
   Defense                  Defense                  Time % Phy DF OF 
 1 Aaron Ekblad             Tyler Myers              60     1   2  2  
 2 Oscar Klefbom            Ian Cole                 40     1   2  2  

Last Minutes Offensive
   Center                   Left Wing                Right Wing               Defense                  Defense                  
   Christian Dvorak         Taylor Hall              Calle Jarnkrok           Aaron Ekblad             Tyler Myers              

Last Minutes Defensive
   Center                   Left Wing                Right Wing               Defense                  Defense                  
   Christian Dvorak         Taylor Hall              Calle Jarnkrok           Aaron Ekblad             Tyler Myers              

Goaltenders
Starting : John Gibson              
Backup : Pheonix Copley           

Extra Forwards
Normal : Alexander Wennberg, Colton Sceviour, Justin Abdelkader - PP : Alexander Wennberg, Colton Sceviour - PK : Justin Abdelkader
Extra Defensemen
Normal : Patrik Nemeth, Andrej Sekera, Robert Bortuzzo - PP : Patrik Nemeth - PK : Andrej Sekera, Robert Bortuzzo
Penalty Shots
Taylor Hall, Max Domi, Christian Dvorak, Calle Jarnkrok, Scott Laughton

Scratches
Tomas Nosek (Healthy), DET CAPHIT (Suspend), Ryan Nugent-Hopkins (Healthy)

% Time on Ice - BOSTON

Lines # - Real PCT - Wanted PCT - Time Play
Normal Forward
1 - 27% - 35% - 13:00
2 - 32% - 30% - 15:16
3 - 32% - 25% - 15:20
4 - 9% - 10% - 4:22
Normal Defense
1 - 35% - 35% - 16:47
2 - 34% - 30% - 16:07
3 - 27% - 25% - 13:05
4 - 4% - 10% - 1:59
PP Forward
1 - 47% - 60% - 3:46
2 - 53% - 40% - 4:10
PP Defense
1 - 58% - 60% - 4:37
2 - 42% - 40% - 3:19
PK Forward
1 - 64% - 60% - 2:32
2 - 36% - 40% - 1:26
PK Defense
1 - 56% - 60% - 2:13
2 - 44% - 40% - 1:45
PK3 Forward
1 - 0% - 60%
2 - 0% - 40%
PK3 Defense
1 - 0% - 60%
2 - 0% - 40%
44 Forward
1 - 0% - 60%
2 - 0% - 40%
44 Defense
1 - 0% - 60%
2 - 0% - 40%
Last Minute Offensive  - 0:00
Last Minute Defensive  - 0:08
Total
Forward - 60:00
Defense - 60:00

% Time on Ice - DETROIT

Lines # - Real PCT - Wanted PCT - Time Play
Normal Forward
1 - 27% - 35% - 12:54
2 - 30% - 30% - 14:18
3 - 31% - 25% - 14:56
4 - 12% - 10% - 5:50
Normal Defense
1 - 34% - 35% - 16:23
2 - 28% - 30% - 13:40
3 - 27% - 25% - 12:43
4 - 11% - 10% - 5:12
PP Forward
1 - 55% - 60% - 2:12
2 - 45% - 40% - 1:46
PP Defense
1 - 55% - 60% - 2:12
2 - 45% - 40% - 1:46
PK Forward
1 - 66% - 60% - 5:16
2 - 34% - 40% - 2:40
PK Defense
1 - 48% - 60% - 3:50
2 - 52% - 40% - 4:06
PK3 Forward
1 - 0% - 60%
2 - 0% - 40%
PK3 Defense
1 - 0% - 60%
2 - 0% - 40%
44 Forward
1 - 0% - 60%
2 - 0% - 40%
44 Defense
1 - 0% - 60%
2 - 0% - 40%
Last Minute Offensive  - 0:08
Last Minute Defensive  - 0:00
Total
Forward - 60:00
Defense - 60:00

Play-by-Play

1st period


0:01 of 1st period - Christian Dvorak wins face-off versus William Nylander in neutral zone.
0:14 of 1st period - Shot by Calle Jarnkrok.
0:14 of 1st period - Stopped by Thatcher Demko with a rebound.
0:28 of 1st period - Shot by Reilly Smith.
0:28 of 1st period - Deflect By Kevin Fiala.
0:28 of 1st period - Stopped by John Gibson without a rebound.
0:29 of 1st period - Scott Laughton wins face-off versus Ivan Barbashev in DETROIT zone.
1:02 of 1st period - Shot by Scott Laughton.
1:02 of 1st period - Stopped by Thatcher Demko without a rebound.
1:03 of 1st period - Alexander Wennberg wins face-off versus Miles Wood in BOSTON zone.
1:14 of 1st period - Shot by Justin Abdelkader.
1:14 of 1st period - Shot Hit the Post.
1:16 of 1st period - Shot by Andrej Sekera.
1:16 of 1st period - Shot Misses the Net.
1:34 of 1st period - Shot by Casey Mittelstadt.
1:34 of 1st period - Stopped by John Gibson without a rebound.
1:35 of 1st period - Chandler Stephenson wins face-off versus Alexandre Texier in DETROIT zone.
1:42 of 1st period - Shot by Taylor Hall.
1:42 of 1st period - Shot Blocked by Ivan Provorov.
1:44 of 1st period - Shot by Brendan Smith.
1:44 of 1st period - Stopped by Thatcher Demko without a rebound.
1:45 of 1st period - William Nylander wins face-off versus Christian Dvorak in BOSTON zone.
1:45 of 1st period - William Nylander is hit by Calle Jarnkrok.
1:48 of 1st period - Icing by Miro Heiskanen.
1:49 of 1st period - Taylor Hall wins face-off versus Reilly Smith in BOSTON zone.
1:49 of 1st period - Calle Jarnkrok is hit by Ivan Provorov and loses puck.
2:02 of 1st period - Shot by Kevin Fiala.
2:02 of 1st period - Stopped by John Gibson without a rebound.
2:03 of 1st period - Scott Laughton wins face-off versus Ivan Barbashev in DETROIT zone.
2:29 of 1st period - Icing by Oscar Klefbom.
2:30 of 1st period - Scott Laughton wins face-off versus William Nylander in DETROIT zone.
2:59 of 1st period - Shot by Kevin Fiala.
2:59 of 1st period - Stopped by John Gibson without a rebound.
3:00 of 1st period - Christian Dvorak wins face-off versus Casey Mittelstadt in DETROIT zone.
3:14 of 1st period - Shot by Taylor Hall.
3:14 of 1st period - Shot Misses the Net.
3:16 of 1st period - Shot by Taylor Hall.
3:16 of 1st period - Shot Blocked by Philippe Myers.
3:18 of 1st period - Shot by Tyler Myers.
3:18 of 1st period - Deflect By Calle Jarnkrok.
3:18 of 1st period - Stopped by Thatcher Demko with a rebound.
4:26 of 1st period - Shot by Ivan Provorov.
4:26 of 1st period - Shot Blocked by Patrik Nemeth.
4:28 of 1st period - Shot by Ivan Barbashev.
4:28 of 1st period - Stopped by John Gibson without a rebound.
4:29 of 1st period - Scott Laughton wins face-off versus William Nylander in DETROIT zone.
4:29 of 1st period - Scott Laughton is hit by Kevin Fiala.
5:02 of 1st period - Shot by Kevin Fiala.
5:02 of 1st period - Stopped by John Gibson without a rebound.
5:03 of 1st period - Alexander Wennberg wins face-off versus Miles Wood in DETROIT zone.
5:45 of 1st period - Icing by Patrik Nemeth.
5:46 of 1st period - Alexander Wennberg wins face-off versus Alexandre Texier in DETROIT zone.
5:48 of 1st period - Justin Abdelkader is hit by Victor Olofsson and loses puck.
6:05 of 1st period - Shot by Victor Olofsson.
6:05 of 1st period - Shot Misses the Net.
6:07 of 1st period - Shot by Alexandre Texier.
6:07 of 1st period - Deflect By Reilly Smith.
6:07 of 1st period - Stopped by John Gibson with a rebound.
6:09 of 1st period - Shot by Reilly Smith.
6:09 of 1st period - Stopped by John Gibson without a rebound.
6:10 of 1st period - Chandler Stephenson wins face-off versus Ivan Barbashev in DETROIT zone.
6:28 of 1st period - Icing by Blake Comeau.
6:29 of 1st period - Ivan Barbashev wins face-off versus Scott Laughton in BOSTON zone.
6:29 of 1st period - Ivan Barbashev is hit by Zemgus Girgensons.
6:37 of 1st period - Minor Penalty to Philippe Myers for Hooking.
6:38 of 1st period - Christian Dvorak wins face-off versus Reilly Smith in BOSTON zone.
7:00 of 1st period - Shot by Aaron Ekblad.
7:00 of 1st period - Stopped by Thatcher Demko without a rebound.
7:01 of 1st period - Reilly Smith wins face-off versus Scott Laughton in BOSTON zone.
7:01 of 1st period - Reilly Smith is hit by Max Domi.
7:11 of 1st period - Shot by Scott Laughton.
7:11 of 1st period - Shot Misses the Net.
7:13 of 1st period - Shot by Scott Laughton.
7:13 of 1st period - Shot Blocked by Filip Hronek.
8:25 of 1st period - Shot by Tyler Myers.
8:25 of 1st period - Shot Misses the Net.
8:27 of 1st period - Shot by Tyler Myers.
8:27 of 1st period - Shot Misses the Net.
8:29 of 1st period - Shot by Aaron Ekblad.
8:29 of 1st period - Shot Blocked by Miro Heiskanen.
8:31 of 1st period - Shot by Calle Jarnkrok.
8:31 of 1st period - Shot Misses the Net.
8:39 of 1st period - Shot by Taylor Hall.
8:39 of 1st period - Shot Blocked by Juuso Valimaki.
8:41 of 1st period - Shot by Colton Sceviour.
8:41 of 1st period - Shot Misses the Net.
8:43 of 1st period - Shot by Colton Sceviour.
8:43 of 1st period - Shot Misses the Net.
9:18 of 1st period - Ivan Barbashev is hit by Justin Abdelkader.
9:55 of 1st period - Icing by Alexander Wennberg.
9:56 of 1st period - William Nylander wins face-off versus Alexander Wennberg in DETROIT zone.
10:21 of 1st period - Shot by Kevin Fiala.
10:21 of 1st period - Deflect By William Nylander.
10:21 of 1st period - Stopped by John Gibson without a rebound.
10:22 of 1st period - Christian Dvorak wins face-off versus Casey Mittelstadt in DETROIT zone.
10:22 of 1st period - Taylor Hall is hit by Miles Wood and loses puck.
11:20 of 1st period - Icing by Tyler Myers.
11:21 of 1st period - Kevin Fiala wins face-off versus Scott Laughton in DETROIT zone.
11:31 of 1st period - Scott Laughton is hit by Kevin Fiala.
11:41 of 1st period - Shot by Max Domi.
11:41 of 1st period - Shot Blocked by Miro Heiskanen.
11:50 of 1st period - Minor Penalty to Zemgus Girgensons for Interference.
11:51 of 1st period - Taylor Hall wins face-off versus Ivan Barbashev in DETROIT zone.
12:08 of 1st period - Shot by Ivan Provorov.
12:08 of 1st period - Stopped by John Gibson without a rebound.
12:09 of 1st period - William Nylander wins face-off versus Taylor Hall in DETROIT zone.
12:10 of 1st period - Shot by Filip Hronek.
12:10 of 1st period - Shot Blocked by Ian Cole.
12:20 of 1st period - Tyler Myers is hit by William Nylander and loses puck.
12:39 of 1st period - Shot by William Nylander.
12:39 of 1st period - Stopped by John Gibson without a rebound.
12:40 of 1st period - Ilya Kovalchuk wins face-off versus Taylor Hall in DETROIT zone.
12:56 of 1st period - Blake Comeau is hit by Tyler Myers and loses puck.
13:09 of 1st period - Shot by Christian Dvorak.
13:09 of 1st period - Shot Misses the Net.
15:29 of 1st period - Icing by Alec Martinez.
15:30 of 1st period - Scott Laughton wins face-off versus Ivan Barbashev in BOSTON zone.
15:31 of 1st period - Shot by Aaron Ekblad.
15:31 of 1st period - Stopped by Thatcher Demko without a rebound.
15:32 of 1st period - Scott Laughton wins face-off versus Ivan Barbashev in BOSTON zone.
15:35 of 1st period - Shot by Max Domi.
15:35 of 1st period - Shot Misses the Net.
16:20 of 1st period - Filip Hronek is hit by Andrej Sekera.
16:27 of 1st period - Icing by Taylor Hall.
16:28 of 1st period - Taylor Hall wins face-off versus Reilly Smith in DETROIT zone.
16:28 of 1st period - Taylor Hall is hit by Kevin Fiala.
16:38 of 1st period - Shot by Taylor Hall.
16:38 of 1st period - Stopped by Thatcher Demko without a rebound.
16:39 of 1st period - Alexander Wennberg wins face-off versus Casey Mittelstadt in BOSTON zone.
16:50 of 1st period - Ian Cole is hit by Miles Wood and loses puck.
16:57 of 1st period - Shot by Andrew Mangiapane.
16:57 of 1st period - Shot Misses the Net.
16:59 of 1st period - Shot by Miro Heiskanen.
16:59 of 1st period - Goal by Miro Heiskanen - BOSTON : 1 - DETROIT : 0.
17:00 of 1st period - William Nylander wins face-off versus Christian Dvorak in neutral zone.
17:13 of 1st period - Shot by Reilly Smith.
17:13 of 1st period - Stopped by John Gibson without a rebound.
17:14 of 1st period - Scott Laughton wins face-off versus Casey Mittelstadt in DETROIT zone.
17:28 of 1st period - Icing by Andrew Mangiapane.
17:29 of 1st period - Christian Dvorak wins face-off versus Casey Mittelstadt in BOSTON zone.
18:17 of 1st period - Icing by Miro Heiskanen.
18:18 of 1st period - Casey Mittelstadt wins face-off versus Scott Laughton in BOSTON zone.
18:18 of 1st period - Ivan Provorov is hit by Max Domi and loses puck.
18:34 of 1st period - Minor Penalty to Ian Cole for Hooking.
18:35 of 1st period - Taylor Hall wins face-off versus William Nylander in DETROIT zone.
19:01 of 1st period - Shot by Alec Martinez.
19:01 of 1st period - Stopped by John Gibson without a rebound.
19:02 of 1st period - Ivan Barbashev wins face-off versus Taylor Hall in DETROIT zone.
19:15 of 1st period - Shot by Miro Heiskanen.
19:15 of 1st period - Shot Blocked by Tyler Myers.
Goals for this period are 1 for BOSTON vs 0 for DETROIT.
Shots for this period are 14 for BOSTON vs 7 for DETROIT.

2nd period


0:01 of 2nd period - William Nylander wins face-off versus Taylor Hall in neutral zone.
0:29 of 2nd period - Shot by Reilly Smith.
0:29 of 2nd period - Stopped by John Gibson without a rebound.
0:30 of 2nd period - Taylor Hall wins face-off versus Ivan Barbashev in DETROIT zone.
1:40 of 2nd period - Shot by Blake Comeau.
1:40 of 2nd period - Shot Blocked by Tyler Myers.
1:42 of 2nd period - Shot by Miro Heiskanen.
1:42 of 2nd period - Shot Misses the Net.
1:44 of 2nd period - Shot by Ivan Barbashev.
1:44 of 2nd period - Stopped by John Gibson without a rebound.
1:45 of 2nd period - Reilly Smith wins face-off versus Christian Dvorak in DETROIT zone.
2:10 of 2nd period - Shot by Taylor Hall.
2:10 of 2nd period - Stopped by Thatcher Demko without a rebound.
2:11 of 2nd period - Scott Laughton wins face-off versus Ivan Barbashev in BOSTON zone.
2:33 of 2nd period - Max Domi is hit by Ivan Barbashev.
2:36 of 2nd period - Andrej Sekera is hit by Ivan Provorov and loses puck.
2:39 of 2nd period - Shot by Max Domi.
2:39 of 2nd period - Stopped by Thatcher Demko without a rebound.
2:40 of 2nd period - William Nylander wins face-off versus Christian Dvorak in BOSTON zone.
2:40 of 2nd period - William Nylander is hit by Taylor Hall.
2:58 of 2nd period - Kevin Fiala is hit by Ian Cole and loses puck.
3:14 of 2nd period - Icing by Christian Dvorak.
3:15 of 2nd period - Christian Dvorak wins face-off versus Blake Comeau in DETROIT zone.
3:20 of 2nd period - Shot by Ivan Barbashev.
3:20 of 2nd period - Stopped by John Gibson without a rebound.
3:21 of 2nd period - Ivan Barbashev wins face-off versus Scott Laughton in DETROIT zone.
3:22 of 2nd period - Shot by Blake Comeau.
3:22 of 2nd period - Deflect By Ilya Kovalchuk.
3:22 of 2nd period - Stopped by John Gibson without a rebound.
3:23 of 2nd period - Scott Laughton wins face-off versus Ivan Barbashev in DETROIT zone.
3:40 of 2nd period - Shot by Scott Laughton.
3:40 of 2nd period - Shot Misses the Net.
3:42 of 2nd period - Shot by Zemgus Girgensons.
3:42 of 2nd period - Stopped by Thatcher Demko without a rebound.
3:43 of 2nd period - William Nylander wins face-off versus Christian Dvorak in BOSTON zone.
4:08 of 2nd period - Shot by Taylor Hall.
4:08 of 2nd period - Shot Misses the Net.
4:10 of 2nd period - Shot by Calle Jarnkrok.
4:10 of 2nd period - Stopped by Thatcher Demko without a rebound.
4:11 of 2nd period - Ivan Barbashev wins face-off versus Scott Laughton in BOSTON zone.
4:28 of 2nd period - Shot by Ivan Barbashev.
4:28 of 2nd period - Shot Misses the Net.
4:30 of 2nd period - Shot by Ivan Provorov.
4:30 of 2nd period - Stopped by John Gibson without a rebound.
4:31 of 2nd period - Chandler Stephenson wins face-off versus Casey Mittelstadt in DETROIT zone.
5:02 of 2nd period - Miles Wood is hit by Valeri Nichushkin and loses puck.
5:30 of 2nd period - Kevin Fiala is hit by Aaron Ekblad and loses puck.
5:48 of 2nd period - Icing by Aaron Ekblad.
5:49 of 2nd period - Scott Laughton wins face-off versus Ivan Barbashev in DETROIT zone.
6:16 of 2nd period - Patrik Nemeth is hit by Blake Comeau and loses puck.
6:51 of 2nd period - Off-side.
6:52 of 2nd period - William Nylander wins face-off versus Christian Dvorak in neutral zone.
6:55 of 2nd period - Oscar Klefbom is hit by Reilly Smith.
7:03 of 2nd period - Shot by William Nylander.
7:03 of 2nd period - Stopped by John Gibson without a rebound.
7:04 of 2nd period - Chandler Stephenson wins face-off versus Casey Mittelstadt in DETROIT zone.
7:13 of 2nd period - Andrew Mangiapane is hit by Taylor Hall and loses puck.
7:26 of 2nd period - Shot by Andrew Mangiapane.
7:26 of 2nd period - Shot Misses the Net.
8:46 of 2nd period - Shot by Alexander Wennberg.
8:46 of 2nd period - Shot Misses the Net.
9:06 of 2nd period - Shot by Andrej Sekera.
9:06 of 2nd period - Stopped by Thatcher Demko with a rebound.
9:10 of 2nd period - Shot by Colton Sceviour.
9:10 of 2nd period - Stopped by Thatcher Demko with a rebound.
9:12 of 2nd period - Shot by Justin Abdelkader.
9:12 of 2nd period - Shot Misses the Net.
9:22 of 2nd period - Shot by Taylor Hall.
9:22 of 2nd period - Shot Blocked by Ivan Provorov.
9:33 of 2nd period - Miro Heiskanen is hit by Taylor Hall and loses puck.
9:39 of 2nd period - Off-side.
9:40 of 2nd period - Chandler Stephenson wins face-off versus Ivan Barbashev in neutral zone.
9:40 of 2nd period - Chandler Stephenson is hit by Ivan Barbashev.
9:55 of 2nd period - Taylor Hall is hit by Philippe Myers.
10:05 of 2nd period - Shot by Chandler Stephenson.
10:05 of 2nd period - Shot Misses the Net.
11:39 of 2nd period - Alec Martinez is hit by Colton Sceviour and loses puck.
11:46 of 2nd period - Shot by Colton Sceviour.
11:46 of 2nd period - Stopped by Thatcher Demko with a rebound.
11:48 of 2nd period - Shot by Justin Abdelkader.
11:48 of 2nd period - Shot Blocked by Alec Martinez.
12:08 of 2nd period - Icing by Filip Hronek.
12:09 of 2nd period - Casey Mittelstadt wins face-off versus Christian Dvorak in BOSTON zone.
13:24 of 2nd period - Shot by Zemgus Girgensons.
13:24 of 2nd period - Shot Hit the Post.
13:53 of 2nd period - Shot by Justin Abdelkader.
13:53 of 2nd period - Shot Misses the Net.
14:07 of 2nd period - Shot by Reilly Smith.
14:07 of 2nd period - Shot Misses the Net.
14:32 of 2nd period - Off-side.
14:33 of 2nd period - Christian Dvorak wins face-off versus Ivan Barbashev in neutral zone.
14:57 of 2nd period - Shot by Christian Dvorak.
14:57 of 2nd period - Stopped by Thatcher Demko without a rebound.
14:58 of 2nd period - Scott Laughton wins face-off versus Casey Mittelstadt in BOSTON zone.
15:05 of 2nd period - Shot by Zemgus Girgensons.
15:05 of 2nd period - Stopped by Thatcher Demko without a rebound.
15:06 of 2nd period - Scott Laughton wins face-off versus Miles Wood in BOSTON zone.
15:11 of 2nd period - Shot by Max Domi.
15:11 of 2nd period - Stopped by Thatcher Demko without a rebound.
15:12 of 2nd period - Ivan Barbashev wins face-off versus Justin Abdelkader in BOSTON zone.
15:21 of 2nd period - Shot by Ivan Barbashev.
15:21 of 2nd period - Shot Blocked by Oscar Klefbom.
15:23 of 2nd period - Shot by Ivan Barbashev.
15:23 of 2nd period - Stopped by John Gibson without a rebound.
15:24 of 2nd period - Christian Dvorak wins face-off versus Andrew Mangiapane in DETROIT zone.
16:05 of 2nd period - Shot by Taylor Hall.
16:05 of 2nd period - Stopped by Thatcher Demko without a rebound.
16:06 of 2nd period - William Nylander wins face-off versus Scott Laughton in BOSTON zone.
16:35 of 2nd period - Shot by Kevin Fiala.
16:35 of 2nd period - Stopped by John Gibson with a rebound.
16:37 of 2nd period - Shot by Philippe Myers.
16:37 of 2nd period - Stopped by John Gibson without a rebound.
16:38 of 2nd period - Alexander Wennberg wins face-off versus Ivan Barbashev in DETROIT zone.
18:20 of 2nd period - Minor Penalty to Ivan Provorov for Tripping.
18:21 of 2nd period - Reilly Smith wins face-off versus Scott Laughton in BOSTON zone.
18:33 of 2nd period - Icing by Oscar Klefbom.
18:34 of 2nd period - Reilly Smith wins face-off versus Scott Laughton in DETROIT zone.
18:56 of 2nd period - Icing by Ian Cole.
18:57 of 2nd period - Scott Laughton wins face-off versus Kevin Fiala in DETROIT zone.
19:09 of 2nd period - Off-side.
19:10 of 2nd period - Christian Dvorak wins face-off versus William Nylander in neutral zone.
19:28 of 2nd period - Taylor Hall is hit by Ilya Kovalchuk and loses puck.
Goals for this period are 0 for BOSTON vs 0 for DETROIT.
Shots for this period are 9 for BOSTON vs 11 for DETROIT.

3rd period


0:01 of 3rd period - Christian Dvorak wins face-off versus Reilly Smith in neutral zone.
0:10 of 3rd period - Shot by Calle Jarnkrok.
0:10 of 3rd period - Shot Blocked by Juuso Valimaki.
0:36 of 3rd period - Ilya Kovalchuk is hit by Oscar Klefbom and loses puck.
1:23 of 3rd period - Tyler Myers is hit by Casey Mittelstadt and loses puck.
1:30 of 3rd period - Shot by Casey Mittelstadt.
1:30 of 3rd period - Deflect By Miles Wood.
1:30 of 3rd period - Stopped by John Gibson without a rebound.
1:31 of 3rd period - Alexander Wennberg wins face-off versus William Nylander in DETROIT zone.
1:45 of 3rd period - Shot by Reilly Smith.
1:45 of 3rd period - Stopped by John Gibson without a rebound.
1:46 of 3rd period - Alexandre Texier wins face-off versus Christian Dvorak in DETROIT zone.
2:03 of 3rd period - Shot by Victor Olofsson.
2:03 of 3rd period - Stopped by John Gibson without a rebound.
2:04 of 3rd period - Alexander Wennberg wins face-off versus Ivan Barbashev in DETROIT zone.
2:37 of 3rd period - Ilya Kovalchuk is hit by Patrik Nemeth and loses puck.
3:16 of 3rd period - Reilly Smith is hit by Aaron Ekblad and loses puck.
4:06 of 3rd period - Shot by Andrew Mangiapane.
4:06 of 3rd period - Deflect By Casey Mittelstadt.
4:06 of 3rd period - Stopped by John Gibson without a rebound.
4:07 of 3rd period - Chandler Stephenson wins face-off versus Ivan Barbashev in DETROIT zone.
4:24 of 3rd period - Shot by Valeri Nichushkin.
4:24 of 3rd period - Shot Misses the Net.
4:32 of 3rd period - Shot by Chandler Stephenson.
4:32 of 3rd period - Deflect By Taylor Hall.
4:32 of 3rd period - Goal by Taylor Hall - BOSTON : 1 - DETROIT : 1.
4:33 of 3rd period - William Nylander wins face-off versus Scott Laughton in neutral zone.
4:36 of 3rd period - Shot by Reilly Smith.
4:36 of 3rd period - Stopped by John Gibson without a rebound.
4:37 of 3rd period - Scott Laughton wins face-off versus William Nylander in DETROIT zone.
4:44 of 3rd period - Oscar Klefbom is hit by Reilly Smith and loses puck.
4:48 of 3rd period - Ian Cole is hit by Reilly Smith and loses puck.
6:32 of 3rd period - Shot by Ilya Kovalchuk.
6:32 of 3rd period - Shot Misses the Net.
7:13 of 3rd period - Juuso Valimaki is hit by Christian Dvorak and loses puck.
7:31 of 3rd period - Minor Penalty to Andrej Sekera for High sticking.
7:32 of 3rd period - Chandler Stephenson wins face-off versus Ivan Barbashev in DETROIT zone.
7:32 of 3rd period - Chandler Stephenson is hit by Blake Comeau.
7:47 of 3rd period - Icing by Filip Hronek.
7:48 of 3rd period - Ivan Barbashev wins face-off versus Justin Abdelkader in BOSTON zone.
7:54 of 3rd period - Ivan Barbashev is hit by Tyler Myers and loses puck.
8:04 of 3rd period - Blake Comeau is hit by Aaron Ekblad and loses puck.
8:22 of 3rd period - Off-side.
8:23 of 3rd period - William Nylander wins face-off versus Max Domi in neutral zone.
8:26 of 3rd period - Oscar Klefbom is hit by Reilly Smith and loses puck.
8:31 of 3rd period - Shot by Kevin Fiala.
8:31 of 3rd period - Shot Blocked by Oscar Klefbom.
8:33 of 3rd period - Shot by Reilly Smith.
8:33 of 3rd period - Deflect By William Nylander.
8:33 of 3rd period - Stopped by John Gibson without a rebound.
8:34 of 3rd period - Taylor Hall wins face-off versus William Nylander in DETROIT zone.
9:46 of 3rd period - Shot by Andrew Mangiapane.
9:46 of 3rd period - Stopped by John Gibson without a rebound.
9:47 of 3rd period - Chandler Stephenson wins face-off versus Casey Mittelstadt in DETROIT zone.
9:56 of 3rd period - Shot by Taylor Hall.
9:56 of 3rd period - Shot Misses the Net.
11:58 of 3rd period - Shot by Justin Abdelkader.
11:58 of 3rd period - Stopped by Thatcher Demko with a rebound.
12:42 of 3rd period - Shot by Christian Dvorak.
12:42 of 3rd period - Shot Misses the Net.
12:44 of 3rd period - Shot by Calle Jarnkrok.
12:44 of 3rd period - Stopped by Thatcher Demko without a rebound.
12:45 of 3rd period - Scott Laughton wins face-off versus Ivan Barbashev in BOSTON zone.
12:50 of 3rd period - Shot by Tyler Myers.
12:50 of 3rd period - Deflect By Max Domi.
12:50 of 3rd period - Shot Misses the Net.
13:02 of 3rd period - Shot by Ilya Kovalchuk.
13:02 of 3rd period - Goal by Ilya Kovalchuk - BOSTON : 2 - DETROIT : 1.
13:03 of 3rd period - Alexander Wennberg wins face-off versus Casey Mittelstadt in neutral zone.
14:56 of 3rd period - Shot by Ivan Barbashev.
14:56 of 3rd period - Shot Blocked by Christian Dvorak.
14:58 of 3rd period - Shot by Ivan Barbashev.
14:58 of 3rd period - Shot Misses the Net.
15:00 of 3rd period - Shot by Blake Comeau.
15:00 of 3rd period - Stopped by John Gibson without a rebound.
15:01 of 3rd period - William Nylander wins face-off versus Chandler Stephenson in DETROIT zone.
15:01 of 3rd period - William Nylander is hit by Brendan Smith.
15:20 of 3rd period - Shot by Valeri Nichushkin.
15:20 of 3rd period - Shot Misses the Net.
15:26 of 3rd period - Shot by Taylor Hall.
15:26 of 3rd period - Shot Misses the Net.
15:34 of 3rd period - Shot by Taylor Hall.
15:34 of 3rd period - Deflect By Chandler Stephenson.
15:34 of 3rd period - Shot Misses the Net.
15:52 of 3rd period - Shot by Scott Laughton.
15:52 of 3rd period - Shot Misses the Net.
17:39 of 3rd period - Shot by Taylor Hall.
17:39 of 3rd period - Shot Misses the Net.
17:41 of 3rd period - Shot by Christian Dvorak.
17:41 of 3rd period - Deflect By Taylor Hall.
17:41 of 3rd period - Shot Misses the Net.
17:43 of 3rd period - Shot by Calle Jarnkrok.
17:43 of 3rd period - Stopped by Thatcher Demko without a rebound.
17:44 of 3rd period - Chandler Stephenson wins face-off versus Ivan Barbashev in BOSTON zone.
17:52 of 3rd period - Minor Penalty to Valeri Nichushkin for Roughing.
17:53 of 3rd period - Ivan Barbashev wins face-off versus Taylor Hall in DETROIT zone.
17:54 of 3rd period - Shot by Ivan Provorov.
17:54 of 3rd period - Shot Misses the Net.
18:29 of 3rd period - Icing by Miro Heiskanen.
18:30 of 3rd period - Ivan Barbashev wins face-off versus Taylor Hall in BOSTON zone.
19:12 of 3rd period - Shot by William Nylander.
19:12 of 3rd period - Shot Misses the Net.
19:14 of 3rd period - Shot by Alec Martinez.
19:14 of 3rd period - Shot Misses the Net.
Goals for this period are 1 for BOSTON vs 1 for DETROIT.
Shots for this period are 9 for BOSTON vs 4 for DETROIT.